 Dungeon Crawl Stone Soup version 0.32-a0-886-g41c5271027 (webtiles) character file.

Game seed: 3701331496690817945

224 ezpacito the Trooper (level 6, 0/48 HPs)
             Began as a Coglin Chaos Knight on Apr 3, 2024.
             Was a Plaything of Xom.
             Killed by nerve-wracking pain
             ... invoked by Grinder
              (8 damage)
             ... on level 4 of the Dungeon.
             The game lasted 00:02:54 (2650 turns).

ezpacito the Trooper (Coglin Chaos Knight)          Turns: 2650, Time: 00:02:55

Health: 0/48       AC:  7    Str: 12 (14) XL:     6   Next: 0%
Magic:  7/7        EV: 10    Int:  7 (9)  God:    Xom [..*...]
Gold:   104        SH:  0    Dex: 11 (14) Spells: 7/7 levels left

rFire   . . .        a - +0 hand axe (chaos) {Jubei}
rCold   . . .        e - +0 spear {Renate}
rNeg    . . .        b - +2 leather armour
rPois   .            (no helmet)
rElec   .            q - +0 cloak
rCorr   .            (no gloves)
SInv    .            k - +0 pair of boots
Will    +....        (amulet unavailable) Stlth
                     (ring unavailable)
HPRegen 0.28/turn    (ring unavailable)
MPRegen 0.10/turn    (no gizmo)

%: no passive effects
@: mighty, silenced, enlightened, flying, hasted, very quick
A: off-hand wielding, slow wielding, warmup strikes, no jewellery, dopey 1,
inability to drink after injury 1
a: Invent Gizmo, Renounce Religion


You were on level 4 of the Dungeon.
You worshipped Xom.
You were a toy of Xom.
You visited 1 branch of the dungeon, and saw 4 of its levels.

You collected 104 gold pieces.

Inventory:

Hand Weapons
 a - a +0 hand axe of chaos (weapon) {Jubei}
 e - a +0 spear (offhand) {Renate}
Armour
 b - a +2 leather armour (worn)
 k - a +0 pair of boots (worn)
 q - a +0 cloak (worn)
Scrolls
 f - 2 scrolls of amnesia
 i - 2 scrolls of identify
 n - 3 scrolls of revelation
 o - a scroll of enchant armour {unknown}
 s - a scroll of immolation {unknown}
Potions
 h - a potion of haste
 m - a potion of mutation {unknown}
 r - a potion of curing {unknown}


   Skills:
 * Level 3.8 Fighting
 * Level 3.7(4.0) Axes
 * Level 1.8(2.8) Polearms
 * Level 2.7 Armour
 * Level 2.1 Dodging
 + Level 1.0 Stealth
 + Level 1.0 Spellcasting


You had 7 spell levels left.
You didn't know any spells.
Your spell library contained the following spells:

 Spells                   Type           Power      Damage    Failure   Level
 Shock                    Conj/Air       0%         1d3       47%         1
 Scorch                   Fire           0%         2d5       63%         2
 Swiftness                Air            0%         N/A       85%         3
 Airstrike                Air            0%         2d(0-16)  99%         4
 Flame Wave               Conj/Fire      0%         2d4       99%         4
 Summon Cactus Giant      Summ           0%         N/A       100%        6


Dungeon Overview and Level Annotations

Branches:
Dungeon (4/15)
 Temple: D:4-7

Altars:
Hepliaklqana

Annotations:
D:4 Grinder


Innate Abilities, Weirdness & Mutations

You can wield a second weapon in your off-hand.
It takes a long time for you to wield or remove held weapons.
Your first few attacks do less damage.
You cannot equip rings or amulets.
You are dopey. (Int -2)
You occasionally lose the ability to drink potions when taking damage.


Message History

You swap places.
You swap places.
You cannot drink potions in your current state!
As you read the scroll labelled QOERYO WAWK, it crumbles to dust.
It is a scroll of identify.
f - 2 scrolls of amnesia;
i - 2 scrolls of identify
k - a +0 pair of boots (worn)
Grinder gestures at you.
Your butterfly writhes in agony.
Your butterfly dies!
Your butterfly disappears in a burst of colours!
As you read the scroll of butterflies, it crumbles to dust.
You hear the flapping of tiny wings.
As you read the scroll labelled AMY RE VIA, it dissolves into smoke.
It was a scroll of fog.
Blink to where?
Press: ? - help, Dir - move target, f - you
Okay, then.
As you read the scroll labelled EKEANT YXOFOHA, it crumbles to dust.
It was a scroll of blinking.
As you read the scroll of butterflies, it crumbles to dust.
You hear the flapping of tiny wings.
Your butterfly is knocked back by the sudden gust. x4
As you read the scroll labelled GARAMN HUAFA, it crumbles to dust.
You hear a loud clanging noise!
It was a scroll of noise.
As you read the scroll labelled KIOGGA SETT, it crumbles to dust.
A profound silence engulfs you.
It was a scroll of silence.
Magic scrolls do not work when you're silenced!
You swap places.
You can drink potions again.
You swap places.
You swap places.
Grinder blinks!
You swap places.
You swap places.
You swap places.
Grinder gestures at you. Pain shoots through your body!
You die...
Xom titters!

##....##..#........#
#....##..#b..b....#
#.<...#..#...b#####
#.....#..#....#..#
#..<###..#.bb.#..#
#...###..#bbb.#.b#
#........#.bbb'.b#
#........'bbb.#5.#
#........#b.bb#@b#
#...######..bb#bb#
#...### #5.bb#bb#
#.....# #....#§§#
#.....# #....#b§#
#.....# #....#§b#
####### #....#§§#
#....#### #....#


You could see Grinder (unsilenced, ally target).

Vanquished Creatures
  An ogre (D:4)
  A bombardier beetle (D:3)
  A gnoll (D:1)
  4 adders
  A dart slug (D:1)
  A ribbon worm (D:3)
  5 ball pythons
  6 bats
  6 endoplasms
  3 goblins
  5 hobgoblins
  4 jackals (D:3)
  4 kobolds
  2 quokkas
  6 frilled lizards
  6 rats
56 creatures vanquished.

Vanquished Creatures (collateral kills)
  A frilled lizard (D:1)
1 creature vanquished.

Grand Total: 57 creatures vanquished

Notes
Turn   | Place    | Note
-------+----------+-------------------------------------------
     0 | D:1      | ezpacito the Coglin Chaos Knight began the quest for the
                  | Orb.
     0 | D:1      | Reached XP level 1. HP: 18/18 MP: 1/1
    39 | D:1      | Reached skill level 1 in Dodging
    40 | D:1      | XOM: silly message
    97 | D:1      | XOM: potion effect (brilliance)
    99 | D:1      | Reached XP level 2. HP: 24/24 MP: 2/2
   257 | D:1      | XOM: silly message
   346 | D:1      | XOM: noise
   478 | D:1      | XOM: potion effect (invisibility)
   484 | D:1      | Reached XP level 3. HP: 19/29 MP: 3/3
   750 | D:1      | XOM: silly message
   887 | D:2      | Found a faded altar of an unknown god.
  1014 | D:2      | Reached skill level 1 in Polearms
  1045 | D:2      | Reached XP level 4. HP: 35/35 MP: 4/4
  1194 | D:2      | Found a hazy altar of Hepliaklqana.
  1436 | D:2      | XOM is BORED!
  1436 | D:2      | XOM: give mutations
  1436 | D:2      | Gained mutation: You are dopey. (Int -2) [Xom's mischief]
  1436 | D:2      | Gained mutation: You have a pair of small horns on your
                  | head. [Xom's mischief]
  1436 | D:2      | Lost mutation: You have a pair of small horns on your head.
                  | [Xom's mischief]
  1436 | D:2      | Gained mutation: You occasionally lose the ability to drink
                  | potions when taking damage. [Xom's mischief]
  1573 | D:3      | XOM is BORED!
  1573 | D:3      | XOM: 2-stop teleportation journey
  1649 | D:3      | XOM: divination: detect items
  1902 | D:3      | XOM: noise
  1925 | D:3      | XOM: divination: magic mapping
  1941 | D:3      | Reached XP level 5. HP: 41/41 MP: 6/6
  2487 | D:4      | XOM: noise
  2548 | D:4      | Noticed an ogre
  2556 | D:4      | Killed an ogre
  2557 | D:4      | Reached skill level 1 in Stealth
  2557 | D:4      | Reached skill level 1 in Spellcasting
  2557 | D:4      | Reached XP level 6. HP: 41/48 MP: 7/7
  2619 | D:4      | Noticed Grinder
  2650 | D:4      | Killed from afar by Grinder

Illustrated notes

Levels and vault maps discovered:
D:1:      giann_horns, layout_basic
D:2:      layout_basic, basic_altar, basic_ecumenical_altar
D:3:      layout_loops_corners
D:4:      layout_gridville, minmay_temple_entry_trees, uniq_ijyb, uniq_grinder,
          uniq_sigmund

Skill      XL: |  1  2  3  4  5 |
---------------+----------------+-----
Dodging        | 1 2 |  2.1
Armour         | 2 |  2.7
Polearms       | 1 |  1.8
Stealth        | 1 |  1.0
Spellcasting   | 1 |  1.0
Fighting       | |  3.8
Axes           | |  3.7

Action                     |  1- 3 |  4- 6 || total
---------------------------+-------+-------++-------
  Melee: Hand axe          |    51 |    54 ||   105
         Dagger            |    25 |       ||    25
         Spear             |    28 |    63 ||    91
    Use: Scroll            |       |     9 ||     9
         Potion            |       |     4 ||     4
   Stab: Sleeping          |       |     3 ||     3
         Distracted        |       |     1 ||     1
 Armour: Leather armour    |    29 |    25 ||    54
  Dodge: Dodged            |    24 |    22 ||    46

Table legend: (Time is in decaauts)
 A = Elapsed time spent in this place.
 B = Non-inter-level travel time spent in this place.
 C = Inter-level travel time spent in this place.
 D = Time resting spent in this place.
 E = Time spent auto-exploring this place.
 F = Levels seen in this place.
 G = Mean time per level.
                   A        B        C        D        E       F      G
               +--------+--------+--------+--------+--------+-----+--------+
         Total |   2647 |   2493 |    154 |      0 |   2118 |   4 |  661.8 |
       Dungeon |   2647 |   2493 |    154 |      0 |   2118 |   4 |  661.8 |
               +--------+--------+--------+--------+--------+-----+--------+

Top non-repeatable levels by time:
     D:3: 935 daAuts
     D:1: 815 daAuts
     D:2: 697 daAuts
     D:4: 199 daAuts
